 Dungeon Crawl Stone Soup version 0.23.2-40-g277498a001 (webtiles) character file.

Game seed: 4339969008234596690

1384 borovicka the Cleaver (level 8, -1/71 HPs)
             Began as a Hill Orc Fighter on Sept 25, 2019.
             Was a Follower of Trog.
             Slain by an orc warrior
             ... wielding a +0 long sword
              (3 damage)
             ... on level 6 of the Dungeon.
             The game lasted 00:32:27 (7985 turns).

borovicka the Cleaver (Hill Orc Fighter)            Turns: 7985, Time: 00:32:28

Health: -1/71      AC: 10    Str: 21    XL:     8   Next: 67%
Magic:  8/8        EV:  8    Int:  8    God:    Trog [*.....]
Gold:   260        SH:  9    Dex: 10    Spells: 7/7 levels left

rFire    . . .     SeeInvis .   a - +0 war axe
rCold    . . .     Gourm    .   c - +0 shield
rNeg     . . .     Faith    .   b - +0 scale mail
rPois    .         Spirit   .   (no helmet)
rElec    .         Reflect  .   C - +0 cloak
rCorr    .         Harm     .   (no gloves)
MR       .....                  u - +0 pair of boots
Stlth    ..........             (no amulet)
HPRegen  0.21/turn              (no ring)
MPRegen  0.11/turn              (no ring)

@: no status effects
A: no striking features
a: Berserk, Renounce Religion


You were on level 6 of the Dungeon.
You worshipped Trog.
Trog was aware of your devotion.
You were not hungry.

You visited 1 branch of the dungeon, and saw 6 of its levels.

You collected 260 gold pieces.

Inventory:

Hand Weapons
 a - a +0 war axe (weapon)
 A - a +0 blowgun
   (You took it off a kobold on level 4 of the Dungeon)
 D - a +0 scythe
   (You took it off Sigmund on level 6 of the Dungeon)
Missiles
 h - 4 tomahawks (quivered)
 t - 89 poisoned needles
 y - a throwing net {!f}
Armour
 b - a +0 scale mail (worn)
 c - a +0 shield (worn)
 u - a +0 pair of boots (worn)
   (You found it on level 3 of the Dungeon)
 C - a +0 cloak (worn)
   (You found it on level 4 of the Dungeon)
Wands
 d - a wand of iceblast (10)
   (You found it on level 3 of the Dungeon)
 o - a wand of paralysis (7)
   (You found it on level 3 of the Dungeon)
 v - a wand of digging (4)
   (You found it on level 4 of the Dungeon)
 x - a wand of acid (7)
   (You found it on level 5 of the Dungeon)
Scrolls
 g - 3 scrolls of remove curse {@r2}
 i - a scroll of magic mapping {unknown}
 k - a scroll of noise {unknown}
 n - a scroll of amnesia {unknown}
 p - a scroll of enchant armour {unknown}
 r - a scroll of immolation {unknown}
 s - 2 scrolls of teleportation {unknown}
 z - a scroll of fog {unknown}
Potions
 f - a potion of flight {unknown}
 j - a potion of agility
 l - a potion of heal wounds {unknown}
 m - 3 potions of curing {@q1}
 q - 2 potions of berserk rage {unknown}
 w - 2 potions of resistance {unknown}
Comestibles
 e - a ration {!d}
 B - 4 chunks of flesh


   Skills:
 * Level 6.5 Fighting
 * Level 10.0 Axes
 + Level 6.3 Armour
 + Level 1.4 Dodging
 + Level 1.2 Stealth
 - Level 3.2 Shields
 + Level 0.1 Evocations


You had 7 spell levels left.
You didn't know any spells.
Your spell library contained the following spells:

 Spells                   Type           Power        Failure   Level  Hunger
 Corona                   Hex            #......      99%         1    ##.....
 Ensorcelled Hibernation  Hex/Ice        #.....       100%        2    ###....
 Confuse                  Hex            #.......     100%        3    ####...
 Dazzling Spray           Conj/Hex       #.....       100%        3    ####...
 Tukima's Dance           Hex            #.......     100%        3    ####...


Dungeon Overview and Level Annotations

Branches:
Dungeon (6/15)
 Temple: D:4-7

Altars:
Elyvilon
Gozag
Hepliaklqana
Nemelex Xobeh
Okawaru
Qazlal
Trog
Yredelemnul
Zin
The Shining One

Annotations:
D:6 Eustachio


Message History

You block the orc warrior's attack.
You closely miss the orc warrior. The orc warrior barely misses you.
Eustachio gestures wildly while chanting.
A centaur comes into view.
The centaur shouts!
The centaur wields a +0 shortbow.
The centaur shoots an arrow.
The arrow closely misses you.
Eustachio mumbles some strange words.
Eustachio blinks!
You see here an arrow.
Eustachio casts a spell.
Eustachio blinks!
The centaur shoots an arrow.
The arrow hits you.
* * * LOW HITPOINT WARNING * * *
You see here an arrow.
The centaur shoots an arrow.
You block the arrow.
The centaur shoots an arrow.
The arrow hits you.
* * * LOW HITPOINT WARNING * * *
Eustachio mumbles some strange words.
Eustachio blinks!
The centaur shoots an arrow.
The arrow hits you.
* * * LOW HITPOINT WARNING * * *
You see here 2 arrows.
The centaur shoots an arrow.
The arrow hits you!
* * * LOW HITPOINT WARNING * * *
You see here an arrow.
The centaur unwields a +0 shortbow.
The centaur closely misses you. The centaur barely misses you.
You block the centaur's attack.
Unknown command.
Unknown command.
The centaur barely misses you.
The centaur hits you but does no damage.
The centaur wields a +0 shortbow.
The centaur shoots an arrow.
You block the arrow.
The shadow imp shouts, "Despond, thou erky hasty-witted whey-face!"
You see here an arrow.
The centaur shoots an arrow.
The arrow hits you!
* * * LOW HITPOINT WARNING * * *
You see here an arrow.
You block the orc warrior's attack.
The centaur shoots an arrow.
The arrow hits you!
* * * LOW HITPOINT WARNING * * *
You see here an arrow.
The shadow imp laughs crazily.
The centaur shoots an arrow.
The arrow hits you but does no damage.
The orc warrior hits you but does no damage.
The iron imp lashes its tail.
Found 19 gold pieces.
Found 13 gold pieces.
You block the orc warrior's attack.
The orc warrior hits you with a +0 long sword.
You die...

... ....# ...
....## ...$
#....<. .....
#....
.....####...
..........#
..........#
.......@..+
.......oo.#
.......c.5######
######'##......#
....#.((...#
.$....#5.....#
#......'..(...#
#......#......#
######'#......#
####


You could see 2 orc warriors, a centaur, an iron imp and a shadow imp.

Vanquished Creatures
  Pikel (D:3)
  Sigmund (D:6)
  2 slaves (D:4)
  An ogre (D:5)
  A big kobold (D:4)
  A scorpion (D:3)
  A howler monkey (D:4)
  4 crimson imps
  2 orc priests
  2 hounds
  An orc wizard (D:5)
  A bullfrog skeleton (D:3)
  A centaur skeleton (D:4)
  2 iguanas (D:5)
  3 worker ants
  A worker ant zombie (D:5)
  2 adders
  3 oozes
  An adder skeleton (D:5)
  5 orcs
  9 bats
  4 giant cockroaches
  4 goblins
  5 hobgoblins
  2 jackals (D:4)
  3 quokkas
  6 frilled lizards
  23 kobolds
  A quokka zombie (D:3)
  9 rats
  4 plants (D:4)
106 creatures vanquished.

Notes
Turn   | Place    | Note
-------+----------+-------------------------------------------
     0 | D:1      | borovicka the Hill Orc Fighter began the quest for the Orb.
     0 | D:1      | Reached XP level 1. HP: 19/19 MP: 1/1
   286 | D:1      | Reached XP level 2. HP: 27/27 MP: 2/2
   330 | D:1      | Reached skill level 3 in Axes
  1241 | D:2      | Reached XP level 3. HP: 25/33 MP: 3/3
  1529 | D:2      | Found a sparkling altar of Nemelex Xobeh.
  1673 | D:2      | Found a glowing golden altar of the Shining One.
  1891 | D:2      | Found a bloodstained altar of Trog.
  1899 | D:2      | Became a worshipper of Trog the Wrathful
  1976 | D:2      | Found a white marble altar of Elyvilon.
  2038 | D:2      | Found a basalt altar of Yredelemnul.
  2520 | D:3      | Reached skill level 4 in Axes
  2520 | D:3      | Reached XP level 4. HP: 11/41 MP: 4/4
  2913 | D:3      | Reached XP level 5. HP: 22/47 MP: 5/5
  3782 | D:4      | Reached skill level 5 in Axes
  3847 | D:4      | Noticed a slave
  3852 | D:4      | Noticed a slave
  3854 | D:4      | Noticed a slave
  3864 | D:4      | Killed a slave
  3867 | D:4      | Killed a slave
  4220 | D:4      | Noticed Pikel
  4267 | D:3      | Killed Pikel
  4267 | D:3      | Reached skill level 5 in Fighting
  4267 | D:3      | Reached skill level 7 in Axes
  4267 | D:3      | Reached skill level 5 in Armour
  4267 | D:3      | Reached skill level 1 in Dodging
  4267 | D:3      | Reached skill level 1 in Stealth
  4267 | D:3      | Reached XP level 6. HP: 31/56 MP: 6/6
  4267 | D:3      | Reached XP level 7. HP: 34/61 MP: 7/7
  5068 | D:4      | Found a stormy altar of Qazlal.
  5069 | D:4      | Found an opulent altar of Gozag.
  5069 | D:4      | Found an iron altar of Okawaru.
  5226 | D:4      | Reached skill level 8 in Axes
  6191 | D:4      | Reached * piety under Trog
  6640 | D:5      | Entered Level 5 of the Dungeon
  6703 | D:5      | Reached XP level 8. HP: 51/69 MP: 8/8
  6958 | D:5      | Found a hazy altar of Hepliaklqana.
  6960 | D:5      | Found a glowing silver altar of Zin.
  7118 | D:5      | Reached skill level 9 in Axes
  7839 | D:6      | Noticed Sigmund
  7862 | D:6      | Killed Sigmund
  7862 | D:6      | Reached skill level 10 in Axes
  7957 | D:6      | Noticed Eustachio
  7978 | D:6      | HP: 1/71 [centaur/arrow (7)]
  7985 | D:6      | Slain by an orc warrior

Skill      XL: |  1  2  3  4  5  6  7  8 |
---------------+-------------------------+-----
Axes           | 3 4 7 8 10 | 10.0
Fighting       | 4 5 6 |  6.5
Armour         | 4 5 6 |  6.3
Dodging        | 1 |  1.4
Stealth        | 1 |  1.2
Shields        | |  3.2
Evocations     | |  0.1

Action                   |  1- 3 |  4- 6 |  7- 9 || total
-------------------------+-------+-------+-------++-------
Melee: War axe           |   156 |    70 |   198 ||   424
Invok: Berserk           |       |       |     1 ||     1
Evoke: Wand              |       |     1 |       ||     1
  Use: Potion            |     1 |       |       ||     1
       Scroll            |       |       |     4 ||     4
 Stab: Paralysed         |       |     2 |       ||     2
       Distracted        |       |     1 |       ||     1
  Eat: Ration            |     2 |     1 |     3 ||     6
       Chunk             |       |       |     4 ||     4
Armor: Scale mail        |   138 |    35 |    65 ||   238
Dodge: Dodged            |    80 |    25 |    58 ||   163
Block: Shield            |   123 |    45 |    81 ||   249
